 Dungeon Sprint DCSS version 0.31-a0-18-gea43df2a32 (webtiles) character file.

Game seed: 17605360949047608113

3016 sircluck the Brawler (level 9, -4/101 HPs)
             Began as a Troll Berserker on May 12, 2023.
             Was a High Priest of Trog.
             Killed from afar by a deep elf knight (31 damage)
             ... with a shard of ice
             ... in the Dungeon (Sprint VII: "The Pits").
             The game lasted 00:02:17 (446 turns).

sircluck the Brawler (Troll Berserker)               Turns: 446, Time: 00:02:19

Health: -4/101     AC:  4    Str: 31    XL:     9   Next: 55%
Magic:  8/8        EV: 12    Int:  3    God:    Trog [*****.]
Gold:   0          SH:  0    Dex:  9    Spells: 8/8 levels left

rFire   . .          .
                       - Unarmed
rCold   . . .        (no shield)
rNeg    . . .        a - +0 animal skin
rPois   .            (helmet restricted)
rElec   .            (no cloak)
rCorr   .            (gloves unavailable)
SInv    .            (boots unavailable)
Will    .....        (no amulet)
Stlth   +            (no ring)
HPRegen 1.16/turn    (no ring)
MPRegen 0.11/turn

%: no teleportation
@: no status effects
A: large, unfitting armour, claws 3, regeneration 1, shaggy fur 1, tough skin 1
a: Renounce Religion, Berserk, Trog's Hand, Brothers in Arms


You were in the Dungeon.
You worshipped Trog.
Trog was extremely pleased with you.
You visited 1 branch

Inventory:

Missiles
 i - 10 stones (quivered)
Armour
 a - a +0 animal skin (worn)
Jewellery
 m - a +3 ring of intelligence
 n - a +3 ring of dexterity
Wands
 k - a wand of digging (6)
 l - a wand of polymorph (4)
Scrolls
 g - a scroll of blinking
 j - a scroll of summoning
Potions
 b - 7 potions of curing
 c - 14 potions of heal wounds
 d - 2 potions of haste
 e - 4 potions of magic
 f - 3 potions of berserk rage
 h - 2 potions of invisibility


   Skills:
 + Level 10.1 Fighting
 + Level 10.6 Dodging
 + Level 15.0 Unarmed Combat


You had 8 spell levels left.
You didn't know any spells.
Your spell library was empty.

Dungeon Overview and Level Annotations

Branches:
Dungeon (1/1)

Altars:
Ashenzari
Cheibriados
Dithmenos
Elyvilon
Fedhas
Gozag
Hepliaklqana
Kikubaaqudgha
Makhleb
Nemelex Xobeh
Okawaru
Qazlal
Ru
Sif Muna
Trog
Uskayaw
Vehumet
Wu Jian
Xom
Yredelemnul
Zin
The Shining One
Jiyva
Lugonu


Innate Abilities, Weirdness & Mutations

You are too large for most types of armour.
You have claws for hands.
Your natural rate of healing is unusually fast.
You are covered in fur. (AC +1)
You have tough skin. (AC +1)


Message History

Your ogre hits the deep elf zephyrmancer with a +0 giant club!!
The deep elf zephyrmancer dies!
Trog accepts your kill.
Trog appreciates your killing of a magic user.
Your Fighting skill increases to level 10!
Your Unarmed Combat skill increases to level 14!
You claw the deep elf zephyrmancer! x2
The deep elf zephyrmancer is almost dead.
The deep elf zephyrmancer hits you with a +0 long sword!
Your ogre barely misses the deep elf zephyrmancer.
The deep elf knight closely misses you.
Unknown command.
You mangle the deep elf knight!!
The deep elf knight is heavily wounded.
The deep elf pyromancer gestures wildly while chanting.
The deep elf zephyrmancer closely misses you.
The deep elf knight closely misses you. The wight closely misses you.
Your ogre barely misses the deep elf zephyrmancer.
Unknown command.
You claw the deep elf archer! Your claw misses the deep elf archer.
The deep elf archer is moderately wounded.
The deep elf archer closely misses you. The wight closely misses you.
The deep elf knight hits you with a +0 long sword!
The deep elf zephyrmancer hits you with a +0 long sword.
You mangle the deep elf archer!!
The deep elf archer is severely wounded.
The fire elemental hits you. The fire elemental burns you!
Your ogre hits the deep elf zephyrmancer with a +0 giant club!!!
The deep elf zephyrmancer dies!
Trog accepts your kill.
Trog will now gift you melee weapons as you gain piety.
Trog appreciates your killing of a magic user.
Your Unarmed Combat skill increases to level 15!
You barely miss the deep elf archer.
The deep elf archer is severely wounded.
The fire elemental hits you. The fire elemental burns you!
* * * LOW HITPOINT WARNING * * *
The deep elf knight points at you and mumbles some strange words.
The shard of ice hits you!!
You die...

#))##.......##......#
#..##.......##......#
#'###...<...###.÷..##
...##.......# ##)'##
...##.......###....##
#####.......##......#
#..###########).....+
#.############.O)...#
#.#....#.![[###.@E.##
#)#....#!.[[# ##ee##
#††....'..))#


zezz# #†#....#..))# .zzZ..# †)#....#..))##......# ##################### You
could see a deep elf archer (repels missiles, ally target), a deep elf knight, a
deep elf pyromancer, a fire elemental (summoned), 5 wights, a ball python zombie
and a friendly ogre (summoned, berserk).

Vanquished Creatures
  A cane toad (D)
  A guardian mummy (D)
  A snapping turtle (D)
  A flying skull (D)
  Edmund (D)
  A floating eye (D)
  3 water moccasins (D)
  A wolf (D)
  2 phantoms (D)
  A kobold brigand (D)
  Ijyb (D)
  A gnoll (D)
  A river rat (D)
  An ufetubus (D)
  An orc (D)
  A giant cockroach (D)
  A goblin (D)
  2 jackals (D)
  A quokka (D)
  A ball python skeleton (D)
  A bat (D)
  A frilled lizard (D)
  A rat (D)
27 creatures vanquished.

Vanquished Creatures (collateral kills)
  A bog body (D)
  2 deep elf zephyrmancers (D)
3 creatures vanquished.

Grand Total: 30 creatures vanquished

Notes
Turn   | Place    | Note
-------+----------+-------------------------------------------
     0 | D        | sircluck the Troll Berserker began the quest for the Orb.
     0 | D        | Reached XP level 1. HP: 22/22 MP: 0/0
    17 | D        | Noticed a kobold brigand
    17 | D        | Noticed a guardian mummy
    25 | D        | Killed a kobold brigand
    26 | D        | Reached skill level 5 in Unarmed Combat
    26 | D        | Reached XP level 2. HP: 33/33 MP: 1/1
    26 | D        | Reached XP level 3. HP: 40/40 MP: 2/2
    26 | D        | Reached XP level 4. HP: 49/49 MP: 3/3
    30 | D        | Killed a guardian mummy
    31 | D        | Reached skill level 8 in Unarmed Combat
    31 | D        | Reached XP level 5. HP: 54/61 MP: 4/4
    31 | D        | Reached XP level 6. HP: 61/68 MP: 5/5
    31 | D        | Reached ** piety under Trog
    88 | D        | Found a bloodstained altar of Trog.
    88 | D        | Found a shimmering blue altar of Sif Muna.
    88 | D        | Found a viscous altar of Jiyva.
    88 | D        | Found a hazy altar of Hepliaklqana.
    88 | D        | Found an opulent altar of Gozag.
    89 | D        | Found a glowing golden altar of the Shining One.
    89 | D        | Found a glowing silver altar of Zin.
    89 | D        | Found a basalt altar of Yredelemnul.
    89 | D        | Found a shimmering altar of Xom.
    89 | D        | Found an ornate altar of the Wu Jian Council.
    89 | D        | Found a sacrificial altar of Ru.
    89 | D        | Found a stormy altar of Qazlal.
    89 | D        | Found an iron altar of Okawaru.
    89 | D        | Found a sparkling altar of Nemelex Xobeh.
    89 | D        | Found a burning altar of Makhleb.
    89 | D        | Found a blossoming altar of Fedhas.
    89 | D        | Found a white marble altar of Elyvilon.
    89 | D        | Found a shadowy altar of Dithmenos.
    89 | D        | Found a snail-covered altar of Cheibriados.
    91 | D        | Found a radiant altar of Vehumet.
    91 | D        | Found a corrupted altar of Lugonu.
    92 | D        | Found a hide-covered altar of Uskayaw.
    92 | D        | Found an ancient bone altar of Kikubaaqudgha.
    92 | D        | Found a broken altar of Ashenzari.
   122 | D        | Reached *** piety under Trog
   132 | D        | Noticed a floating eye
   133 | D        | Paralysed by a floating eye for 4 turns
   138 | D        | Killed a floating eye
   139 | D        | Reached skill level 9 in Unarmed Combat
   144 | D        | Reached **** piety under Trog
   189 | D        | Noticed Ijyb
   190 | D        | Noticed a water moccasin
   192 | D        | Killed Ijyb
   194 | D        | Reached ***** piety under Trog
   195 | D        | Reached XP level 7. HP: 75/78 MP: 6/6
   200 | D        | Reached skill level 10 in Unarmed Combat
   206 | D        | Received a gift from Trog
   247 | D        | Noticed a cane toad
   251 | D        | Killed a cane toad
   252 | D        | Reached skill level 11 in Unarmed Combat
   252 | D        | Reached XP level 8. HP: 62/91 MP: 7/7
   289 | D        | Noticed Edmund
   289 | D        | Noticed a flying skull
   293 | D        | Reached skill level 12 in Unarmed Combat
   293 | D        | Killed a flying skull
   299 | D        | Killed Edmund
   330 | D        | Noticed a snapping turtle
   330 | D        | Noticed a bog body
   338 | D        | Killed a bog body
   338 | D        | Received a gift from Trog
   339 | D        | Reached skill level 13 in Unarmed Combat
   339 | D        | Reached XP level 9. HP: 61/100 MP: 8/8
   348 | D        | Reached skill level 10 in Dodging
   437 | D        | Noticed a deep elf knight
   437 | D        | Noticed a deep elf zephyrmancer
   437 | D        | Noticed a deep elf zephyrmancer
   437 | D        | Noticed a deep elf archer
   437 | D        | Noticed a deep elf pyromancer
   441 | D        | Killed a deep elf zephyrmancer
   442 | D        | Reached skill level 10 in Fighting
   442 | D        | Reached skill level 14 in Unarmed Combat
   445 | D        | Killed a deep elf zephyrmancer
   446 | D        | Reached skill level 15 in Unarmed Combat
   446 | D        | Killed from afar by a deep elf knight

Illustrated notes

Levels and vault maps discovered:
D:        pitsprint [storerooms_1, entrance_room_1, metal_vault_2, armoury_1,
          mini_pit_1, grid_room_1, main_hall_1, silver_pit, the_coven_1,
          the_vestibule_1, steel_vault_3, golden_pit, hallway_of_sentries,
          crystal_vault_6, iron_vault_3, final_vault]

Skill      XL: |  1  2  3  4  5  6  7  8  9 |
---------------+----------------------------+-----
Fighting       | 4 6 7 8 9 10 | 10.1
Dodging        | 4 6 7 8 9 10 | 10.6
Unarmed Combat | 5 8 9 11 13 15 | 15.0

Action                     |  1- 3 |  4- 6 |  7- 9 || total
---------------------------+-------+-------+-------++-------
  Melee: Unarmed           |     3 |    30 |    42 ||    75
         Punch             |       |     2 |     2 ||     4
 Invoke: Berserk           |     1 |       |       ||     1
         Brothers in Arms  |       |       |     2 ||     2
 Armour: Animal skin       |       |    13 |     3 ||    16
  Dodge: Dodged            |       |    32 |    17 ||    49

Table legend: (Time is in decaauts)
 A = Elapsed time spent in this place.
 B = Non-inter-level travel time spent in this place.
 C = Inter-level travel time spent in this place.
 D = Time resting spent in this place.
 E = Time spent auto-exploring this place.
 F = Levels seen in this place.
 G = Mean time per level.
                   A        B        C        D        E       F      G
               +--------+--------+--------+--------+--------+-----+--------+
         Total |    439 |    381 |     58 |     19 |    117 |   1 |  439.0 |
       Dungeon |    439 |    381 |     58 |     19 |    117 |   1 |  439.0 |
               +--------+--------+--------+--------+--------+-----+--------+

Top non-repeatable levels by time:
       D: 439 daAuts
